 Dungeon Crawl Stone Soup version 0.17-a0-1481-gfdcec5c (webtiles) character file.

3320 Goblin1989 the Basher (level 9, -5/81 HPs)
             Began as a Deep Dwarf Fighter on July 5, 2015.
             Was an Elder of Makhleb.
             Slain by a troll (12 damage)
             ... on level 8 of the Dungeon on July 6, 2015.
             The game lasted 00:37:17 (6203 turns).

Goblin1989 the Basher (Deep Dwarf Fighter)          Turns: 6203, Time: 00:37:17

Health: -5/81      AC: 14    Str: 23    XL:     9   Next: 71%
Magic:  11/11      EV:  5    Int:  9    God:    Makhleb [****..]
Gold:   303        SH:  9    Dex: 12    Spells: 0 memorised, 8 levels left

rFire  . . .     SeeInvis .     H - +2 flail (protect)
rCold  . . .     Clarity  .     o - +0 chain mail
rNeg   . . .     SustAt   .     c - +0 shield
rPois  .         Gourm    .     (no helmet)
rElec  .         Spirit   .     (no cloak)
rCorr  .         Warding  .     (no gloves)
rMut   .         Stasis   .     (no boots)
MR     +....                    (no amulet)
Stlth  ..........               (no ring)
                                (no ring)

@: lethally poisoned (-5 -> -25), non-regenerating, somewhat resistant to
hostile enchantments, extremely unstealthy
A: damage resistance, recharge devices, sense surroundings 2, slow healing 3
a: Device Recharging, Minor Destruction, Lesser Servant of Makhleb, Major
Destruction, Renounce Religion


You were on level 8 of the Dungeon.
You worshipped Makhleb.
Makhleb was greatly pleased with you.
You were hungry.

You visited 1 branch of the dungeon, and saw 8 of its levels.
You also visited: Ossuary.

You collected 303 gold pieces.

Inventory:

Hand weapons
 H - a +2 flail of protection (weapon)
Armour
 c - a +0 shield (worn)
 o - a +0 chain mail (worn)
Jewellery
 n - an uncursed amulet of stasis {unknown}
 q - an uncursed ring of fire {unknown}
 C - a cursed ring of loudness {unknown}
Magical devices
 u - a wand of magic darts (22)
 I - a wand of digging (17)
Scrolls
 h - 3 scrolls of fog {unknown}
 j - 13 scrolls of identify {unknown}
 k - 2 scrolls of enchant armour {unknown}
 m - 5 scrolls of remove curse {unknown}
 r - a scroll of teleportation {unknown}
 s - a scroll of noise {unknown}
 t - a scroll of fear {unknown}
 y - 2 scrolls of amnesia {unknown}
 F - a scroll of immolation {unknown}
Potions
 d - a potion of might
 g - a potion of haste {unknown}
 p - 9 potions of curing {unknown}
 v - 3 potions of heal wounds {unknown}
 w - a potion of agility {unknown}
 A - a potion of degeneration {unknown}
 B - a potion of brilliance {unknown}
 D - 2 potions of ambrosia {unknown}
Comestibles
 b - 2 beef jerkies
 f - 6 bread rations
 l - 3 meat rations
 z - a fruit
 E - a slice of pizza


   Skills:
 * Level 5.1 Fighting
 - Level 10.6 Maces & Flails
 - Level 3.2 Armour
 - Level 3.2 Shields
 + Level 9.8 Invocations


You had 8 spell levels left.
You didn't know any spells.

Dungeon Overview and Level Annotations

Branches:
Dungeon (8/15)             Temple (0/1) D:7
   Lair: D:8-11

Altars:
Cheibriados
Fedhas
Makhleb
Nemelex Xobeh
Yredelemnul

Shops:
D:8 %

Annotations:
D:6 Vikmgn's ghost, experienced GrFi
D:8 Maurice


Innate Abilities, Weirdness & Mutations

You are resistant to damage.
You can recharge devices by infusing magical energy.
You passively map the area around you.
You do not heal naturally.


Message History

Something hits you.
* * * LOW HITPOINT WARNING * * *
Something steals your +0 large shield!
You are more poisoned.
* * * LOW HITPOINT WARNING * * *
You feel very sick.
Your ufetubus hits something. Your ufetubus misses something.
Your ynoxinul gestures. x2
Something hits your ufetubus.
Your ufetubus is poisoned.
Your ufetubus hits the human but does no damage.
Your ufetubus closely misses the human.
A troll comes into view.
Your shield and chain mail prevent you from hitting the troll.
* * * LOW HITPOINT WARNING * * *
You feel very sick.
Your ynoxinul gestures. x2
Your ufetubus closely misses the human. x2
The troll bites you!
You die...

, #............. * *
* * #............. ,
* #.#...........,, ,
**#.............,, ,
*, , * #...........
,, , , ,,#.5?.55.....
,, , , , ##5......>..
, * * *
###..###53T#....? , ,
* *
,.......##@#...#.. ,
** * ,.......
#(#.#.#, , ,
.......##p54# .. *, *
, ,,
.......#53###..#. ..
*, , ,,
.......#55###..# ...*
* , ,
.......555##..#*... ,
,
,......†.####..##.#.#
,
.......†###......#.#
***
,........##..#..#[#.#
,


You could see a troll, a human, 2 friendly ynoxinuls and 12 friendly ufetubi.

Vanquished Creatures
  5 yaks (D:7)
  Eustachio (D:6)
  An orc warrior (D:7)
  An ice beast (D:8)
  2 ogres (D:8)
  2 centaurs
  A giant frog (D:8)
  A scorpion (D:4)
  3 killer bees (D:8)
  A crimson imp (D:6)
  A jelly (D:7)
  2 giant frog skeletons
  3 hounds
  6 orc priests
  2 iguanas (D:5)
  4 orc wizards
  4 worker ants
  4 big kobold zombies (Ossuary)
  A mummy (Ossuary)
  5 adders
  A gnoll (D:1)
  2 shadow imps
  2 oozes
  4 worms
  24 orcs
  2 spectral bats (Ossuary)
  11 bats
  4 bat simulacra (Ossuary)
  A bat skeleton (D:5)
  8 giant cockroaches
  9 goblins
  12 hobgoblins
  5 jackals
  11 kobolds
  3 quokkas
  2 giant geckos
  4 giant newts
  9 gnoll zombies
  4 goblin simulacra (Ossuary)
  2 goblin zombies (Ossuary)
  4 hobgoblin zombies (Ossuary)
  A kobold simulacrum (Ossuary)
  3 kobold zombies (Ossuary)
  9 orc zombies (Ossuary)
  8 rats
  2 rat simulacra (Ossuary)
  3 spectral goblins (Ossuary)
  5 spectral kobolds (Ossuary)
  6 spectral rats (Ossuary)
211 creatures vanquished.

Vanquished Creatures (collateral kills)
  Pikel (D:5)
  Joseph (D:7)
  Menkaure (D:5)
  2 slaves (D:5)
  An orc warrior (D:6)
  A centaur (D:5)
  An ogre (D:5)
  A scorpion (D:8)
  An iguana (D:6)
  A shadow imp (D:5)
  6 orcs
  A bat (D:7)
  A bat skeleton (D:5)
  A jackal (D:6)
  A kobold (D:8)
21 creatures vanquished.

Grand Total: 232 creatures vanquished

Notes
Turn   | Place    | Note
--------------------------------------------------------------
     0 | D:1      | Goblin1989 the Deep Dwarf Fighter began the quest for the Orb.
     0 | D:1      | Reached XP level 1. HP: 20/20 MP: 1/1
   213 | D:1      | Reached XP level 2. HP: 25/27 MP: 2/2
   655 | D:1      | Reached XP level 3. HP: 33/33 MP: 3/3
  1130 | D:2      | Found a burning altar of Makhleb.
  1139 | D:2      | Became a worshipper of Makhleb the Destroyer
  1383 | D:2      | Reached skill level 4 in Maces & Flails
  1509 | D:2      | Reached XP level 4. HP: 24/40 MP: 4/4
  1549 | D:2      | Found a basalt altar of Yredelemnul.
  1685 | D:3      | Acquired Makhleb's first power
  2179 | D:3      | Noticed a centaur
  2188 | D:3      | Killed a centaur
  2188 | D:3      | Reached skill level 5 in Maces & Flails
  2188 | D:3      | Reached XP level 5. HP: 16/46 MP: 4/6
  2588 | D:4      | Reached XP level 6. HP: 40/55 MP: 7/7
  2638 | D:4      | Found a sand-covered staircase.
  2646 | Ossuary  | Entered an ossuary
  2660 | Ossuary  | Acquired Makhleb's second power
  2704 | Ossuary  | Reached skill level 6 in Maces & Flails
  2968 | Ossuary  | Acquired Makhleb's third power
  3142 | D:4      | Found a blossoming altar of Fedhas.
  3414 | D:5      | Entered Level 5 of the Dungeon
  3545 | D:5      | Reached XP level 7. HP: 48/61 MP: 9/9
  3751 | D:5      | Reached skill level 7 in Maces & Flails
  3771 | D:5      | Found a snail-covered altar of Cheibriados.
  3851 | D:5      | Noticed Menkaure
  3860 | D:5      | Killed Menkaure
  3943 | D:5      | Reached skill level 5 in Invocations
  4208 | D:5      | Noticed Pikel
  4256 | D:5      | Killed Pikel
  4256 | D:5      | Reached skill level 8 in Maces & Flails
  4256 | D:5      | Reached XP level 8. HP: 46/68 MP: 10/10
  4346 | D:6      | Noticed Vikmgn's ghost (experienced GrFi)
  4499 | D:6      | Noticed Eustachio
  4517 | D:6      | Killed Eustachio
  4603 | D:6      | Reached skill level 9 in Maces & Flails
  4618 | D:6      | Found a sparkling altar of Nemelex Xobeh.
  4963 | D:7      | Found a staircase to the Ecumenical Temple.
  5274 | D:7      | Reached skill level 10 in Maces & Flails
  5274 | D:7      | Gained mutation: You passively map the area around you. [Deep Dwarf growth]
  5274 | D:7      | Reached XP level 9. HP: 50/74 MP: 12/12
  5335 | D:7      | Acquired Makhleb's fourth power
  5703 | D:7      | Noticed Joseph
  5721 | D:7      | Killed Joseph
  6056 | D:8      | Found Woplu's Food Shop.
  6160 | D:8      | Noticed Maurice
  6179 | D:8      | Reached skill level 5 in Fighting
  6203 | D:8      | Slain by a troll

Vault maps used:
D:1:      dpeg_arrival_leaves_temple_mockup
D:2:      lemuel_zombie_altar_yredelemnul, lemuel_round_altar, first_bread
D:4:      overflow_temple_1_default, nicolae_ossuary_entry_ruins
D:5:      nicolae_overflow_crystal_walls, uniq_menkaure, uniq_pikel
D:6:      lemuel_coloured_pillars_altar, basic_altar, uniq_eustachio
D:7:      nicolae_whirlpool, minmay_temple_entry_water_ring, uniq_joseph
D:8:      old_standard_altar, serial_shops, nicolae_shop_behind_doors,
          nicolae_shop_window_shopping, nicolae_shop_behind_doors,
          kennysheep_little_box, shop, grunt_livestock, kennysheep_island_fort,
          uniq_maurice
Ossuary:  ossuary_zaba_two_paths

Action                   |  1- 3 |  4- 6 |  7- 9 || total
-------------------------+-------+-------+-------++-------
Melee: Flail             |   163 |   379 |   411 ||   953
Invok: Lesser Servant of |       |       |    15 ||    15
 Abil: Device Recharging |       |     1 |     4 ||     5
Evoke: Wand              |     1 |     7 |    16 ||    24
 Stab: Distracted        |       |       |     2 ||     2
  Eat: Chunk             |     2 |     5 |     9 ||    16
       Beef jerky        |       |     1 |       ||     1
       Fruit             |       |       |     2 ||     2
